 Dungeon Crawl Stone Soup version 0.27.1-1-g398f81649c (webtiles) character file.

Game seed: 3942137117643085887

2170 MechaKamiliLaw the Destroyer (level 8, -7/57 HPs)
             Began as a Demigod Conjurer on Sept 12, 2021.
             Killed by an exploding fulminant prism (26 damage)
             ... on level 6 of the Dungeon.
             The game lasted 00:21:15 (8585 turns).

MechaKamiliLaw the Destroyer (Demigod Conjurer)     Turns: 8585, Time: 00:21:17

Health: -7/57      AC:  3    Str:  8    XL:     8   Next: 86%
Magic:  9/20       EV: 12    Int: 28    God:
Gold:   428        SH:  5    Dex: 12    Spells: 4/18 levels left

rFire    . . .     SeeInvis .   c - +3 dagger
rCold    . . .     Faith    .   d - +0 buckler
rNeg     . . .     Spirit   .   a - +1 robe
rPois    .         Reflect  .   (no helmet)
rElec    .         Harm     .   n - scarf {+Inv}
rCorr    .         Rampage  .   (no gloves)
Will     .....                  (no boots)
Stlth    ++........             (no amulet)
HPRegen  0.19/turn              (no ring)
MPRegen  0.17/turn              (no ring)

@: very slightly contaminated
A: high mp 1, forlorn
a: Evoke Invisibility


You were on level 6 of the Dungeon.
You visited 1 branch of the dungeon, and saw 7 of its levels.

You collected 428 gold pieces.

Inventory:

Hand Weapons
 c - a +3 dagger (weapon)
Missiles
 q - a throwing net
 s - 3 curare-tipped darts
Armour
 a - a +1 robe (worn)
 d - a +0 buckler (worn)
 l - a +0 kite shield
 n - a scarf of invisibility (worn)
Magical Staves
 v - a staff of poison
Wands
 r - a wand of acid (7)
 y - a wand of charming (10)
Scrolls
 b - 2 scrolls of teleportation {unknown}
 e - a scroll of immolation {unknown}
 f - a scroll of amnesia {unknown}
 k - 3 scrolls of identify
 m - a scroll of acquirement {unknown}
 o - 3 scrolls of enchant armour
 t - a scroll of noise {unknown}
 u - 2 scrolls of blinking {unknown}
 w - a scroll of torment {unknown}
Potions
 g - a potion of curing
 h - 2 potions of degeneration {unknown}
 i - a potion of lignification {unknown}
 j - a potion of mutation {unknown}
 p - 2 potions of haste {unknown}
 x - a potion of ambrosia {unknown}
 z - a potion of cancellation {unknown}


   Skills:
 - Level 1.7 Dodging
 - Level 4.0 Stealth
 - Level 4.0 Shields
 + Level 5.8 Spellcasting
 * Level 8.3 Conjurations


You had 4 spell levels left.
You knew the following spells:

 Your Spells              Type           Power      Damage    Failure   Level
a - Magic Dart            Conj           100%       1d8       1%          1
b - Searing Ray           Conj           100%       3d7       1%          2
c - Dazzling Flash        Conj/Hex       62%        N/A       3%          3
d - Fulminant Prism       Conj/Hex       15%        3d11      11%         4
e - Iskenderun's Mystic   Conj/Tloc      31%        2d8       11%         4

Your spell library contained the following spells:

 Spells                   Type           Power      Damage    Failure   Level


Dungeon Overview and Level Annotations

Branches:
Dungeon (7/15)             Temple (0/1) D:5


Innate Abilities, Weirdness & Mutations

Your attributes grow dramatically as you level up.
You have an increased reservoir of magic. (+10% MP)
You shall have no god before yourself.


Message History

You start resting.
Magic restored.
You climb downwards.
The slime creature misses you. The slime creature barely misses you.
There is a stone staircase leading up here.
Casting: Iskenderun's Mystic Blast (dangerous; 11% risk of failure)
Confirm with . or Enter, or press ? or * to list all spells.
Aiming: Fulminant Prism (dangerous; 11% risk of failure)
Press: ? - help, Dir - move target, f - slime creature
Aim: a slime creature
Okay, then.
Casting: Fulminant Prism (dangerous; 11% risk of failure)
Confirm with . or Enter, or press ? or * to list all spells.
Aiming: Fulminant Prism (dangerous; 11% risk of failure)
Press: ? - help, Dir - move target You conjure a prism of explosive energy!
A fulminant prism comes into view.
The slime creature hits you!
Your fulminant prism crackles loudly.
Your fulminant prism explodes!
The blast of energy engulfs the slime creature!!
The slime creature is heavily wounded.
Unknown command.
Casting: Fulminant Prism (dangerous; 11% risk of failure)
Confirm with . or Enter, or press ? or * to list all spells.
You miscast Iskenderun's Mystic Blast.
You are very lightly contaminated with residual magic.
Nothing appears to happen.
The slime creature hits you!
Casting: Iskenderun's Mystic Blast (dangerous; 11% risk of failure)
Confirm with . or Enter, or press ? or * to list all spells.
Aiming: Fulminant Prism (dangerous; 11% risk of failure)
Press: ? - help, Dir - move target You conjure a prism of explosive energy!
A fulminant prism comes into view.
The slime creature jiggles.
The slime creature hits you!
Your fulminant prism crackles loudly.
Your fulminant prism explodes!
The blast of energy engulfs you!!
You die...

#....P..PP..###### #
#....PP..P..# # #...........#
##### #...........# #....
#.####......# #....
#####.#.........### #....
#..>#.#.........'.# #####
#...#.#.........#.##########
#...#.'....@J.#.<...........
#...###.......#.#...###.....
####...###.(.)...#...#.# #.....
#................###.#.# #.....
#.................#..#.# #...##
#.........##+..........# #...#
#.........##..#######..###...#
#....)...........#...........##
#.........##.....#.......+.....


You could see a slime creature.

Vanquished Creatures
  A deep elf pyromancer (D:7)
  A vampire mosquito (D:7)
  3 sky beasts
  2 necrophages
  An orc warrior (D:6)
  2 centaurs
  A scorpion (D:6)
  2 howler monkeys
  2 centaur zombies
  2 jellies (D:5)
  An orc priest (D:7)
  3 hounds (D:5)
  A centaur skeleton (D:4)
  A gnoll shaman (D:4)
  2 bullfrog skeletons
  4 orc wizards
  A hound skeleton (D:4)
  A howler monkey zombie (D:6)
  12 gnolls
  5 adders
  A shadow imp (D:6)
  A white imp (D:7)
  4 worms
  5 dart slugs
  12 orcs
  6 ball pythons
  5 endoplasms
  5 giant cockroaches
  9 goblins
  7 hobgoblins
  5 jackals (D:2)
  7 kobolds
  3 quokkas
  5 bats
  3 frilled lizards
  6 rats
  A fulminant prism (D:7)
133 creatures vanquished.

Vanquished Creatures (others)
  20 fulminant prisms
  21 plants (D:6)
41 creatures vanquished.

Grand Total: 174 creatures vanquished

Notes
Turn   | Place    | Note
-------+----------+-------------------------------------------
     0 | D:1      | MechaKamiliLaw the Demigod Conjurer began the quest for the
                  | Orb.
     0 | D:1      | Reached XP level 1. HP: 14/14 MP: 5/5
   314 | D:1      | Reached XP level 2. HP: 20/20 MP: 4/7
   971 | D:2      | Learned a level 2 spell: Searing Ray
  1138 | D:2      | Reached XP level 3. HP: 22/26 MP: 0/8
  2033 | D:2      | Reached XP level 4. HP: 33/33 MP: 4/9
  2539 | D:3      | Reached skill level 1 in Shields
  2888 | D:3      | Noticed a necrophage
  2896 | D:3      | Killed a necrophage
  2897 | D:3      | Reached skill level 4 in Conjurations
  2897 | D:3      | Reached XP level 5. HP: 35/38 MP: 1/11
  4345 | D:4      | Reached XP level 6. HP: 45/45 MP: 9/13
  4353 | D:4      | Learned a level 3 spell: Dazzling Flash
  4358 | D:4      | Learned a level 4 spell: Fulminant Prism
  4792 | D:5      | Entered Level 5 of the Dungeon
  5056 | D:5      | Found a staircase to the Ecumenical Temple.
  5064 | D:5      | Reached skill level 5 in Conjurations
  5117 | D:5      | Reached XP level 7. HP: 48/50 MP: 3/15
  5838 | D:6      | Learned a level 4 spell: Iskenderun's Mystic Blast
  6025 | D:6      | Reached skill level 6 in Conjurations
  6266 | D:6      | Noticed a cyclops
  6700 | D:6      | Reached XP level 8. HP: 57/57 MP: 13/18
  7269 | D:6      | Reached skill level 5 in Spellcasting
  7269 | D:6      | Reached skill level 7 in Conjurations
  7763 | D:7      | Noticed a cyclops
  7974 | D:7      | Noticed a troll
  8131 | D:7      | Noticed a boulder beetle
  8162 | D:7      | Noticed a slime creature
  8162 | D:7      | Noticed a slime creature
  8166 | D:7      | Noticed a deep elf pyromancer
  8168 | D:7      | Killed a deep elf pyromancer
  8169 | D:7      | Reached skill level 8 in Conjurations
  8585 | D:6      | Killed by an exploding fulminant prism

Illustrated notes

Levels and vault maps discovered:
D:1:      enne_arrival_octagon_isle, layout_loops_ring, basic_ecumenical_altar
D:2:      layout_loops_ring, basic_altar, kennysheep_generic_room_9
D:3:      layout_basic, serial_glass, glass_columns_a, glass_columns_c
D:4:      layout_loops_ring, nicolae_vehumet_altar_sigil, okawaru_gym_becter
D:5:      layout_cave_pools, minmay_temple_entry_junction
D:6:      layout_basic, mainiacjoe_overflow_catch_the_wave,
          hangedman_abyss_or_decor_stagger, grunt_ministairs_8
D:7:      minmay_the_grid_octo_triangle [minmay_the_grid_octo_thin_diamonds,
          minmay_the_grid_octo_prize_big_c, minmay_the_grid_octo_clover_2],
          layout_loops_corners, uniq_maggie, uniq_pikel

Skill      XL: |  1  2  3  4  5  6  7  8 |
---------------+-------------------------+-----
Stealth        | 2 3 4 |  4.0
Shields        | 1 2 3 4 |  4.0
Spellcasting   | 2 3 4 5 |  5.8
Conjurations   | 4 5 6 8 |  8.3
Dodging        | |  1.7

Action                   |  1- 3 |  4- 6 |  7- 9 || total
-------------------------+-------+-------+-------++-------
Melee: Whip              |     1 |       |       ||     1
       Dagger            |    11 |     5 |       ||    16
 Cast: Magic Dart        |    80 |    58 |    18 ||   156
       Searing Ray       |     7 |    28 |    22 ||    57
       Fulminant Prism   |       |       |    21 ||    21
       Iskenderun's Myst |       |       |     3 ||     3
  Use: Scroll            |       |     2 |       ||     2
       Potion            |       |       |     1 ||     1
Armor: Robe              |     4 |     1 |     4 ||     9
Dodge: Dodged            |    19 |    20 |    19 ||    58
Block: Buckler           |     3 |     6 |     6 ||    15
